 Dungeon Crawl Stone Soup version 0.22-a0-40-g3d2f077 (webtiles) character file.

6461 Faca the Cleaver (level 11, -9/92 HPs)
             Began as a Hill Orc Fighter on Jan 5, 2018.
             Was a Follower of Beogh.
             Mangled by a two-headed ogre
             ... wielding a +0 giant club
              (18 damage)
             ... on level 9 of the Dungeon.
             The game lasted 00:18:07 (8982 turns).

Faca the Cleaver (Hill Orc Fighter)                 Turns: 8982, Time: 00:18:08

Health: -9/92      AC: 17    Str: 21    XL:     11   Next: 0%
Magic:  11/11      EV:  6    Int:  8    God:    Beogh [*.....]
Gold:   535        SH: 11    Dex: 12    Spells: 10/10 levels left

rFire    . . .     SeeInvis .   b - +0 broad axe
rCold    . . .     Gourm    .   c - +0 shield
rNeg     . . .     Faith    +   C - +0 chain mail
rPois    +         Spirit   .   k - +0 helmet
rElec    .         Reflect  .   p - +2 cloak
rCorr    .         Harm     .   (no gloves)
MR       .....                  (no boots)
Stlth    ..........             r - amulet of faith
HPRegen  0.25/turn              s - ring of poison resistance
MPRegen  0.12/turn              (no ring)

@: no status effects
A: no striking features
a: Renounce Religion


You were on level 9 of the Dungeon.
You worshipped Beogh.
Beogh was aware of your devotion.
You were not hungry.

You visited 1 branch of the dungeon, and saw 10 of its levels.

You collected 587 gold pieces.
You spent 52 gold pieces at shops.

Inventory:

Hand Weapons
 b - a +0 broad axe (weapon)
 o - the +9 mace "Holelaown" {drain, rElec rC- Dex+5 Stlth+}
   (You found it on level 4 of the Dungeon)

   A truly terrible weapon, it drains the life of those it strikes.
   It affects your dexterity (+5).
   It makes you vulnerable to cold.
   It insulates you from electricity.
   It makes you more stealthy.
Armour
 c - a +0 shield (worn)
 k - a +0 helmet (worn)
 p - a +2 cloak (worn)
 C - a +0 chain mail (worn)
Jewellery
 r - an amulet of faith (around neck)
 s - a ring of poison resistance (left hand)
 A - an uncursed amulet of rage {unknown}
Wands
 u - a wand of disintegration (21)
Scrolls
 a - a scroll of teleportation
 h - a scroll of blinking
 j - 3 scrolls of fog
 l - 3 scrolls of enchant weapon
 v - a scroll of magic mapping
 w - 2 scrolls of remove curse
 y - a scroll of amnesia
Potions
 d - 4 potions of might
 e - a potion of ambrosia
 g - a potion of heal wounds
 i - a potion of magic
 m - a potion of haste
 n - 4 potions of mutation
 q - 2 potions of agility
 t - a potion of berserk rage {unknown}
 x - 2 potions of resistance {unknown}
 z - a potion of curing
Comestibles
 f - 17 rations


   Skills:
 + Level 7.5 Fighting
 + Level 14.9 Axes
 + Level 11.3 Armour
 + Level 7.0 Shields


You had 10 spell levels left.
You didn't know any spells.

Dungeon Overview and Level Annotations

Branches:
Dungeon (10/15)            Temple (0/1) D:6
   Lair: D:8-11         Orc: D:9-12

Altars:
Nemelex Xobeh

Shops:
D:5 !


Message History

The two-headed ogre barely misses you. You block the two-headed ogre's attack.
The orc warrior hits you but does no damage.
You hit the two-headed ogre but do no damage.
The two-headed ogre is moderately wounded.
The two-headed ogre barely misses you. x2
You hit the two-headed ogre.
The two-headed ogre is moderately wounded.
The orc warrior hits you from afar with a glaive!
* * * LOW HITPOINT WARNING * * *
You slash the two-headed ogre!
The two-headed ogre is heavily wounded.
You block the two-headed ogre's attack. The two-headed ogre barely misses you.
The orc warrior hits you but does no damage.
You barely miss the two-headed ogre.
The two-headed ogre is heavily wounded.
The orc warrior hits you but does no damage.
The two-headed ogre hits you with a giant club!
* * * LOW HITPOINT WARNING * * *
The two-headed ogre hits you with a giant spiked club!!
You die...

# ##..# # ##..# ... # ##..# ... #
##..# #..# .# ..##### ##..# #..#
#.# ..##### ##..####..# #.#
...######## # ####........# #.#
#...#######.##.##.##........# #..
#...#######...oO@..'........###..
#.......###$##.##.##.............
#.......#### # ####.............
#.......#### ####........###..
....###..##########.........# #..
....# #..#########..........# #..
##))# #..##..##.............# #..
##)[# #..##..##.............# #..
##..# #..[[................<# #..


You could see a two-headed ogre and an orc warrior.

Vanquished Creatures
  4 two-headed ogres
  The ghost of Vibarexel the Quickloader, a novice KoHu of Okawaru (D:7)
  The ghost of drazt1k the Firebug, an amateur OgFE of Vehumet (D:5)
  Prince Ribbit (D:5)
  A hippogriff (D:7)
  Grinder (D:3)
  A wyvern (D:8)
  The ghost of terra52 the Magician, an amateur GnWz (D:6)
  2 ogres (D:5)
  Blork the orc (D:4)
  5 bullfrogs
  8 wights (D:9)
  3 howler monkeys
  A bullfrog zombie (D:9)
  2 crimson imps
  2 quasits
  6 hounds
  2 orc priests
  A gnoll shaman (D:9)
  5 orc wizards
  Crazy Yiuf (D:4)
  A bullfrog skeleton (D:8)
  Jessica (D:3)
  Ijyb (D:4)
  11 worker ants
  3 hound skeletons
  2 worker ant zombies
  Robin (D:3)
  10 gnolls
  A howler monkey skeleton (D:8)
  11 adders
  2 shadow imps
  An ooze (D:4)
  6 worms
  A dart slug (D:2)
  4 leopard geckos
  15 orcs
  3 ball pythons
  3 giant cockroaches
  10 goblins
  14 hobgoblins
  2 jackals (D:9)
  12 kobolds
  7 quokkas
  A ball python skeleton (D:4)
  A ball python zombie (D:5)
  8 bats
  6 frilled lizards
  A jackal skeleton (D:5)
  21 rats
210 creatures vanquished.

Vanquished Creatures (others)
  An orc (D:7)
1 creature vanquished.

Grand Total: 211 creatures vanquished

Notes
Turn   | Place    | Note
-------+----------+-------------------------------------------
     0 | D:1      | Faca the Hill Orc Fighter began the quest for the Orb.
     0 | D:1      | Reached XP level 1. HP: 19/19 MP: 1/1
   162 | D:1      | Reached XP level 2. HP: 16/27 MP: 2/2
   658 | D:1      | Reached XP level 3. HP: 27/33 MP: 3/3
   994 | D:2      | Reached skill level 3 in Axes
  1154 | D:2      | Found a sparkling altar of Nemelex Xobeh.
  1498 | D:2      | Reached XP level 4. HP: 37/40 MP: 4/4
  1953 | D:3      | Reached skill level 4 in Axes
  2026 | D:3      | Reached XP level 5. HP: 31/46 MP: 5/5
  2228 | D:3      | Noticed Robin
  2242 | D:3      | Killed Robin
  2262 | D:3      | Reached skill level 5 in Axes
  2349 | D:3      | Reached skill level 11 in Axes
  2349 | D:3      | Reached skill level 10 in Armour
  2349 | D:3      | Reached XP level 6. HP: 52/52 MP: 6/6
  2732 | D:3      | Noticed Jessica
  2733 | D:3      | Killed Jessica
  2786 | D:3      | Reached XP level 7. HP: 57/60 MP: 7/7
  3008 | D:3      | Noticed Grinder
  3023 | D:3      | Killed Grinder
  3023 | D:3      | Reached skill level 12 in Axes
  3195 | D:4      | Noticed Ijyb
  3210 | D:4      | Killed Ijyb
  3502 | D:4      | Reached XP level 8. HP: 35/67 MP: 8/8
  3555 | D:4      | Noticed Blork the orc
  3687 | D:4      | Killed Blork the orc
  4138 | D:4      | Found a runed door.
  4142 | D:4      | Got a scorched mace
  4143 | D:4      | Noticed Crazy Yiuf
  4147 | D:4      | Killed Crazy Yiuf
  4236 | D:5      | Entered Level 5 of the Dungeon
  4247 | D:5      | Reached skill level 5 in Fighting
  4247 | D:5      | Reached skill level 5 in Shields
  4367 | D:5      | Found Roamaog's Distillery.
  4372 | D:5      | Bought a potion of degeneration for 13 gold pieces
  4372 | D:5      | Bought a potion of lignification for 39 gold pieces
  4385 | D:5      | Noticed Prince Ribbit
  4396 | D:5      | Killed Prince Ribbit
  4729 | D:5      | Noticed drazt1k's ghost (amateur OgFE)
  4749 | D:5      | Killed drazt1k's ghost
  4749 | D:5      | Reached skill level 13 in Axes
  4749 | D:5      | Reached XP level 9. HP: 53/74 MP: 9/9
  5123 | D:6      | Noticed terra52's ghost (amateur GnWz)
  5137 | D:6      | Killed terra52's ghost
  5862 | D:6      | Found a staircase to the Ecumenical Temple.
  5936 | D:6      | Got a crude leather armour
  5947 | D:6      | Identified the +1 leather armour of the Known World {Str+5 Int-4 Dex+6} (You found it on level 6 of the Dungeon)
  6269 | D:7      | Noticed Vibarexel's ghost (novice KoHu)
  6293 | D:7      | Killed Vibarexel's ghost
  6558 | D:7      | Became a worshipper of Beogh the Brigand
  6775 | D:7      | Identified the +9 mace "Holelaown" {drain, rElec rC- Dex+5 Stlth+} (You found it on level 4 of the Dungeon)
  7217 | D:8      | Noticed a two-headed ogre
  7234 | D:8      | HP: 1/75 [two-headed ogre/giant spiked club (6)]
  7235 | D:8      | Killed a two-headed ogre
  7235 | D:8      | Reached skill level 14 in Axes
  7235 | D:8      | Reached XP level 10. HP: 1/84 MP: 10/10
  7692 | D:8      | You fall through a shaft for 2 floors!
  7692 | D:10     | Entered Level 10 of the Dungeon
  8043 | D:9      | Reached * piety under Beogh
  8056 | D:9      | Noticed a two-headed ogre
  8066 | D:9      | Killed a two-headed ogre
  8353 | D:9      | Noticed a two-headed ogre
  8367 | D:9      | HP: 3/86 [two-headed ogre/giant club (8)]
  8370 | D:9      | Killed a two-headed ogre
  8519 | D:9      | Noticed a two-headed ogre
  8722 | D:9      | Killed a two-headed ogre
  8971 | D:9      | Noticed a two-headed ogre
  8971 | D:9      | Reached XP level 11. HP: 82/92 MP: 11/11
  8982 | D:9      | Mangled by a two-headed ogre

Vault maps used:
D:1:      dpeg_arrival_erosion, minivault_11, minmay_tetromino_s4
D:2:      nemelex_xobeh_ov_fountains_minmay, minmay_rat_hole
D:3:      first_ration, uniq_jessica, uniq_grinder, uniq_robin
D:4:      kennysheep_generic_room_14, uniq_crazy_yiuf_cottage, uniq_ijyb,
          uniq_blork_the_orc
D:5:      serial_shops, shop, uniq_prince_ribbit1
D:6:      minmay_temple_entry_poolview
D:9:      hangedman_cross_veins, basic_altar, minivault_28
D:10:     minmay_coctagon, grunt_tengu_nest, serial_bayou_pond_b

Skill      XL: |  1  2  3  4  5  6  7  8  9 10 |
---------------+-------------------------------+-----
Armour         | 4 10 11 | 11.3
Axes           | 3 4 11 12 13 14 | 14.9
Fighting       | 4 5 6 7 |  7.5
Shields        | 4 5 6 7 |  7.0

Action                   |  1- 3 |  4- 6 |  7- 9 | 10-12 || total
-------------------------+-------+-------+-------+-------++-------
Melee: War axe           |   133 |   158 |   236 |       ||   527
       Broad axe         |       |       |   111 |   124 ||   235
Invok: Convert to Beogh  |       |       |     1 |       ||     1
  Use: Scroll            |     6 |     4 |     8 |     3 ||    21
       Potion            |       |     1 |     1 |       ||     2
  Eat: Ration            |     1 |     1 |     4 |     1 ||     7
       Chunk             |       |     2 |     1 |     1 ||     4
Armor: Scale mail        |    72 |    83 |   159 |     1 ||   315
       Chain mail        |       |       |       |    57 ||    57
Dodge: Dodged            |    43 |    31 |    66 |    19 ||   159
Block: Shield            |    63 |    73 |   128 |    82 ||   346

Table legend:
 A = Spawn XP
 B = Non-spawn XP
 C = Spawn XP percentage of total XP
 D = Spawn monster count
 E = Non-spawn monster count
 F = Spawn count percentage of total count
 G = Total turns spent on level
                    A         B        C        D         E        F      G
               +---------+---------+-------+---------+---------+-------+---------
         Total |       0 |    8993 |   0.0 |       0 |     210 |   0.0 |  8982
               +---------+---------+-------+---------+---------+-------+---------
           D:1 |       0 |      35 |   0.0 |       0 |      20 |   0.0 |   864
           D:2 |       0 |      78 |   0.0 |       0 |      40 |   0.0 |  1084
           D:3 |       0 |     550 |   0.0 |       0 |      40 |   0.0 |  1430
           D:4 |       0 |     462 |   0.0 |       0 |      21 |   0.0 |   858
           D:5 |       0 |    1140 |   0.0 |       0 |      22 |   0.0 |   824
           D:6 |       0 |     542 |   0.0 |       0 |      14 |   0.0 |  1181
           D:7 |       0 |    1223 |   0.0 |       0 |      15 |   0.0 |   708
           D:8 |       0 |    1311 |   0.0 |       0 |      10 |   0.0 |  1126
           D:9 |       0 |    3389 |   0.0 |       0 |      22 |   0.0 |   830
          D:10 |       0 |     263 |   0.0 |       0 |       6 |   0.0 |    77
               +---------+---------+-------+---------+---------+-------+---------
